 Dungeon Crawl Stone Soup version 0.22.0-13-g43fe8f2 (webtiles) character file.

3899 mopl the Grappler (level 10, -4/106 HPs)
             Began as a Formicid Transmuter on Aug 16, 2018.
             Slain by Harold
             ... wielding a +0 battleaxe
              (14 damage)
             ... on level 7 of the Dungeon.
             The game lasted 00:14:41 (7991 turns).

mopl the Grappler (Formicid Transmuter)             Turns: 7991, Time: 00:14:41

Health: -4/106     AC: 25    Str: 15    XL:     10   Next: 43%
Magic:  16/16      EV:  2    Int: 13    God:
Gold:   456        SH:  0    Dex: 14    Spells: 2/17 levels left

rFire    + . .     SeeInvis .     - Unarmed
rCold    . . .     Gourm    .   (no shield)
rNeg     + + +     Faith    .   (armour currently unavailable)
rPois    +         Spirit   .   (helmet unavailable)
rElec    .         Reflect  .   (cloak currently unavailable)
rCorr    .         Harm     .   (gloves currently unavailable)
MR       +....                  (boots currently unavailable)
Stlth    +.........             A - amulet of magic regeneration
HPRegen  0.27/turn              q - ring of protection from fire
MPRegen  0.40/turn              C - +3 ring of evasion

@: tree-form, marked, drained
A: permanent stasis, dig shafts and tunnels, four strong arms
a: no special abilities


You were on level 7 of the Dungeon.
You were not hungry.
You were a tree.
You visited 1 branch of the dungeon, and saw 7 of its levels.

You collected 456 gold pieces.

Inventory:

Missiles
 a - 111 arrows
 n - 31 poisoned needles
 u - 4 javelins (quivered)
 v - 11 tomahawks
 w - a throwing net
Armour
 b - a +2 large shield
 i - a +0 pair of boots (melded)
 k - a +1 cloak (melded)
 B - a +1 robe of positive energy (melded)
Magical Staves
 e - an uncursed staff of summoning {!a}
Jewellery
 q - a ring of protection from fire (left branch)
 A - an amulet of magic regeneration (around neck)
 C - a +3 ring of evasion (right branch)
Wands
 p - a wand of disintegration (13)
 x - a wand of polymorph (12)
Scrolls
 f - a scroll of fog
 r - a scroll of immolation
 t - 3 scrolls of enchant armour
 y - a scroll of noise {unknown}
 z - 3 scrolls of amnesia {unknown}
Potions
 c - a potion of brilliance {unknown}
 g - a potion of agility {unknown}
 j - 3 potions of curing
 l - 3 potions of lignification {!q}
 m - a potion of might
 o - a potion of resistance
 s - a potion of ambrosia
 D - 2 potions of flight {unknown}
Comestibles
 d - 20 rations


   Skills:
 + Level 4.0(3.3) Fighting
 + Level 2.5(1.8) Throwing
 - Level 1.7(1.1) Dodging
 * Level 10.5(9.7) Unarmed Combat
 - Level 4.0(3.3) Spellcasting
 + Level 8.1(7.3) Transmutations
 - Level 4.0(3.3) Ice Magic
 - Level 2.0(1.3) Poison Magic


You had 2 spell levels left.
You knew the following spells:

 Your Spells              Type           Power        Failure   Level  Hunger
a - Beastly Appendage     Tmut           ###...       1%          1    #......
b - Spider Form           Tmut/Pois      ##........   11%         3    ###....
c - Blade Hands           Tmut           ###.......   30%         5    ######.
d - Ice Form              Ice/Tmut       ###.....     24%         4    #####..
w - Sticks to Snakes      Tmut           ###.....     1%          2    ##.....

Your spell library contained the following spells:

 Spells                   Type           Power        Failure   Level  Hunger


Dungeon Overview and Level Annotations

Branches:
Dungeon (7/15)             Temple (0/1) D:6

Altars:
Ashenzari
Vehumet

Annotations:
D:7 Harold


Innate Abilities, Weirdness & Mutations

You cannot be hasted, slowed, berserked, paralysed or teleported.
You can dig through walls and to a lower floor.
Your four strong arms can wield two-handed weapons with a shield.
((You have a pair of large antennae on your head. (SInv)))


Message History

You are confused.
You feel invigorated. Harold gestures at you while chanting.
The mark upon you grows brighter. Harold hits you but does no damage.
You feel better.
You feel less invigorated. Harold hits you but does no damage.
You hit Harold but do no damage.
Harold is moderately wounded.
Harold hits you but does no damage.
You smack Harold!
Harold is heavily wounded.
Harold hits you with a battleaxe!
* * * LOW HITPOINT WARNING * * *
You smack Harold!
You punch Harold.
Harold is severely wounded.
Harold hits you with a battleaxe.
* * * LOW HITPOINT WARNING * * *
You hit Harold but do no damage.
Harold is severely wounded.
Harold hits you with a battleaxe!
You die...

### #########
###.######........
#..........######.
#.#.#####.#######.
#.#.# #.........
#(#.# ########..
#(#.# #.......#
#.#.# #.#####..
#♣#.# ##. #@#.# {
#. #....# #.
#.....# ####.
......... { #....
#.....##.# ##.###
#....## #.##...##
#.#.## #.#.....#
#.### #..>.....


You could see Harold.

Vanquished Creatures
  The ghost of Aviak the Poker, a novice FoEE (D:7)
  Prince Ribbit (D:5)
  Grinder (D:4)
  Edmund (D:5)
  A black bear (D:6)
  2 orc warriors (D:6)
  2 sky beasts (D:5)
  An ice beast (D:6)
  2 ogres
  A necrophage (D:5)
  2 phantoms
  4 centaurs
  A bullfrog (D:6)
  2 scorpions (D:6)
  5 wights (D:7)
  3 crimson imps
  8 orc wizards
  Crazy Yiuf (D:5)
  7 orc priests
  2 bullfrog skeletons
  An iguana (D:4)
  Ijyb (D:3)
  Natasha (thrice) (D:3 D:4)
  6 worker ants
  A hound skeleton (D:7)
  A howler monkey zombie (D:6)
  13 adders
  3 shadow imps (D:6)
  An ooze (D:2)
  An adder zombie (D:5)
  An adder skeleton (D:4)
  A worm (D:4)
  3 dart slugs
  6 leopard geckos
  30 orcs
  9 giant cockroaches
  6 goblins
  6 hobgoblins
  18 jackals
  7 kobolds
  2 quokkas (D:3)
  3 ball pythons
  11 bats
  4 frilled lizards
  A jackal zombie (D:6)
  2 quokka skeletons
  7 rats
196 creatures vanquished.

Vanquished Creatures (collateral kills)
  A bat (D:2)
1 creature vanquished.

Grand Total: 197 creatures vanquished

Notes
Turn   | Place    | Note
-------+----------+-------------------------------------------
     0 | D:1      | mopl the Formicid Transmuter began the quest for the Orb.
     0 | D:1      | Reached XP level 1. HP: 15/15 MP: 3/3
   100 | D:1      | Reached XP level 2. HP: 15/21 MP: 1/5
   104 | D:1      | Learned a level 2 spell: Sticks to Snakes
   449 | D:1      | Found a shattered altar of Ashenzari.
   723 | D:1      | Reached XP level 3. HP: 26/26 MP: 6/6
   893 | D:1      | Learned a level 3 spell: Spider Form
  1374 | D:2      | Reached XP level 4. HP: 26/32 MP: 4/8
  1586 | D:2      | Reached skill level 4 in Unarmed Combat
  1586 | D:2      | Reached skill level 3 in Transmutations
  1586 | D:2      | Reached skill level 1 in Poison Magic
  1829 | D:2      | Reached skill level 3 in Spellcasting
  1919 | D:2      | Reached XP level 5. HP: 37/37 MP: 9/9
  1925 | D:2      | Learned a level 4 spell: Ice Form
  2207 | D:3      | Noticed Natasha
  2214 | D:3      | Killed Natasha
  2307 | D:3      | Reached skill level 2 in Poison Magic
  2473 | D:3      | Noticed Natasha
  2486 | D:3      | Killed Natasha
  2486 | D:3      | Reached skill level 1 in Ice Magic
  2486 | D:3      | Reached XP level 6. HP: 36/43 MP: 7/10
  2672 | D:3      | Noticed Ijyb
  2683 | D:3      | Killed Ijyb
  2683 | D:3      | Reached skill level 5 in Unarmed Combat
  3323 | D:4      | Noticed an ogre
  3334 | D:4      | Killed an ogre
  3334 | D:4      | Reached skill level 2 in Ice Magic
  3334 | D:4      | Reached XP level 7. HP: 48/48 MP: 6/12
  3354 | D:4      | Reached skill level 4 in Transmutations
  3591 | D:4      | Noticed Natasha
  3916 | D:4      | Reached skill level 4 in Spellcasting
  3922 | D:4      | Killed Natasha
  4184 | D:4      | Reached skill level 6 in Unarmed Combat
  4288 | D:4      | Reached XP level 8. HP: 48/54 MP: 14/14
  4295 | D:4      | Learned a level 5 spell: Blade Hands
  4395 | D:4      | Noticed Grinder
  4407 | D:4      | Killed Grinder
  4407 | D:4      | Reached skill level 5 in Transmutations
  4407 | D:4      | Reached skill level 3 in Ice Magic
  4592 | D:5      | Entered Level 5 of the Dungeon
  4696 | D:5      | Reached skill level 7 in Unarmed Combat
  4905 | D:4      | Reached skill level 4 in Ice Magic
  4967 | D:5      | Reached XP level 9. HP: 40/59 MP: 15/15
  5309 | D:5      | Reached skill level 8 in Unarmed Combat
  5309 | D:5      | Reached skill level 6 in Transmutations
  5655 | D:5      | Found a runed door.
  5817 | D:5      | Noticed Edmund
  5830 | D:5      | Killed Edmund
  5835 | D:5      | Noticed Prince Ribbit
  5857 | D:5      | Killed Prince Ribbit
  5857 | D:5      | Reached skill level 9 in Unarmed Combat
  5950 | D:5      | Noticed Crazy Yiuf
  5954 | D:5      | Killed Crazy Yiuf
  6012 | D:6      | Reached skill level 7 in Transmutations
  6529 | D:6      | Reached skill level 2 in Fighting
  6874 | D:6      | Found a staircase to the Ecumenical Temple.
  6894 | D:6      | Reached XP level 10. HP: 58/68 MP: 16/16
  7333 | D:7      | Found a runed gate.
  7333 | D:7      | Found a runed gate.
  7333 | D:7      | Found a runed gate.
  7333 | D:7      | Noticed Aviak's ghost (novice FoEE)
  7358 | D:7      | Killed Aviak's ghost
  7358 | D:7      | Reached skill level 3 in Fighting
  7358 | D:7      | Reached skill level 2 in Throwing
  7358 | D:7      | Reached skill level 10 in Unarmed Combat
  7380 | D:7      | Reached skill level 8 in Transmutations
  7384 | D:7      | Found a radiant altar of Vehumet.
  7841 | D:7      | Reached skill level 4 in Fighting
  7967 | D:7      | Noticed Harold
  7985 | D:7      | HP: 2/106 [Harold/battleaxe (7)]
  7991 | D:7      | Slain by Harold

Skill      XL: |  1  2  3  4  5  6  7  8  9 10 |
---------------+-------------------------------+-----
Unarmed Combat | 4 5 6 7 9 10 | 10.5
Transmutations | 3 4 5 7 8 |  8.1
Poison Magic   | 1 2 |  2.0
Spellcasting   | 3 4 |  4.0
Ice Magic      | 1 2 4 |  4.0
Fighting       | 2 4 |  4.0
Throwing       | 2 |  2.5
Dodging        | |  1.7

Action                   |  1- 3 |  4- 6 |  7- 9 | 10-12 || total
-------------------------+-------+-------+-------+-------++-------
Melee: Unarmed           |   114 |   191 |   336 |    63 ||   704
       Kick              |     4 |       |       |       ||     4
       Punch             |     3 |     3 |     3 |     3 ||    12
 Cast: Beastly Appendage |     7 |       |       |       ||     7
       Spider Form       |     4 |     9 |    23 |     3 ||    39
       Sticks to Snakes  |     2 |       |     2 |       ||     4
       Blade Hands       |       |       |       |     2 ||     2
       Ice Form          |       |       |       |     2 ||     2
 Abil: End Transformatio |       |     1 |       |       ||     1
       Dig               |       |       |     2 |       ||     2
Evoke: Wand              |       |       |     3 |       ||     3
  Use: Potion            |     2 |       |     2 |     5 ||     9
       Scroll            |       |     5 |     5 |       ||    10
 Stab: Sleeping          |     1 |     4 |     3 |     1 ||     9
  Eat: Chunk             |     3 |     7 |    12 |     5 ||    27
       Ration            |       |       |     1 |       ||     1
Armor: Robe              |    26 |    28 |    42 |     3 ||    99
       Skin              |       |    10 |     5 |     4 ||    19
Dodge: Dodged            |    78 |   130 |   243 |    31 ||   482
